AA - U28
WICHITA PILOTS @ LANCASTER BARNSTORMERS
09/02/2052
 
TOP OF THE 1ST
Akron RubberDucks batting - Pitching for Altoona Curve : RHP Russell Stevenson
Pitching: RHP Russell Stevenson
Batting: RHB Roger Lee 0-0: Foul Ball, location: 2F
0-1: Ball
1-1: SINGLE (Groundball, 34D, EV 95.0 MPH)
Batting: RHB Stephen Jaros 0-0: Grounds into double play, 6-4-3 (Groundball, 6, EV 86.9 MPH)
Batting: RHB Ghandi Lawal 0-0: Called Strike
0-1: Swinging Strike
0-2: Ball
1-2: Ball
2-2: SINGLE (Groundball, 6MD, EV 102.5 MPH)
Batting: LHB Stuart Strnad 0-0: Called Strike
0-1: Ball
1-1: Called Strike
1-2: SINGLE (Line Drive, 34D, EV 99.4 MPH)
Ghandi Lawal to second
Batting: LHB Glenn Christophel 0-0: Ball
1-0: Ball
2-0: Called Strike
2-1: Ball
3-1: Base on Balls
Ghandi Lawal to third
Stuart Strnad to second
Batting: LHB Rick Suhre 0-0: Foul Ball, location: 2F
0-1: Ball
1-1: Ball
2-1: Ball
3-1: Foul Ball, location: 2F
3-2: Base on Balls
Ghandi Lawal scores
Stuart Strnad to third
Glenn Christophel to second
Batting: RHB T.J. Zanetti 0-0: Called Strike
0-1: Foul Ball, location: 2F
0-2: Ball
1-2: Foul Ball, location: 2F
1-2: Ball
2-2: Ball
3-2: Base on Balls
Stuart Strnad scores
Glenn Christophel to third
Rick Suhre to second
Batting: LHB Dylan LaFrance 0-0: Ball
1-0: Foul Ball, location: 2F
1-1: Foul Ball, location: 2F
1-2: Fly out, F8 (Line Drive, 8LM, EV 95.6 MPH)
Top of the 1st over - 2 runs, 3 hits, 0 errors, 3 left on base; Akron 2 - Altoona 0
BOTTOM OF THE 1ST
Altoona Curve batting - Pitching for Akron RubberDucks : RHP Shawn Moffitt
Pitching: RHP Shawn Moffitt
Batting: SHB Alfonzo Montes 0-0: Called Strike
0-1: Ball
1-1: Foul Ball, location: 2F
1-2: Ball
2-2: Strikes out looking
Batting: LHB Landon Jacobs 0-0: Ball
1-0: Ball
2-0: Called Strike
2-1: DOUBLE (Line Drive, 7LM, EV 103.1 MPH)
Batting: RHB Boult Symons 0-0: Ball
1-0: Ball
2-0: Foul Ball, location: 2F
2-1: Foul Ball, location: 2F
2-2: SINGLE (Groundball, 34D, EV 97.5 MPH)
Landon Jacobs to third
Runner from 3rd tries for Home, throw by RF and OUT! 9-2
Boult Symons to second
Batting: RHB Pablo Varela 0-0: Called Strike
0-1: Foul Ball, location: 2F
0-2: Ball
1-2: Foul Ball, location: 2F
1-2: Ball
2-2: Ball
3-2: SINGLE (Line Drive, 7S, EV 100.0 MPH)
Boult Symons to third
Runner from 3rd tries for Home, SAFE, throw by LF to home
Batting: RHB Burley Hunsaker 0-0: Ball
1-0: Fly out, F8 (Flyball, 78D, EV 91.2 MPH)
Bottom of the 1st over - 1 run, 3 hits, 0 errors, 1 left on base; Akron 2 - Altoona 1
TOP OF THE 2ND
Akron RubberDucks batting - Pitching for Altoona Curve : RHP Russell Stevenson
Batting: RHB Rueben Brooks 0-0: Foul Ball, location: 2F
0-1: Called Strike
0-2: Strikes out looking
Batting: RHB Roger Lee 0-0: Ball
1-0: Ball
2-0: Ground out 5-3 (Groundball, 56, EV 105.0 MPH)
Batting: RHB Stephen Jaros 0-0: Called Strike
0-1: Ball
1-1: Ball
2-1: Foul Ball, location: 2F
2-2: Strikes out swinging
Top of the 2nd over - 0 runs, 0 hits, 0 errors, 0 left on base; Akron 2 - Altoona 1
BOTTOM OF THE 2ND
Altoona Curve batting - Pitching for Akron RubberDucks : RHP Shawn Moffitt
Batting: RHB Robb Bradley 0-0: Foul Ball, location: 2F
0-1: Ball
1-1: Ball
2-1: Ball
3-1: Called Strike
3-2: Strikes out looking
Batting: SHB Ryan Weathersbee 0-0: Foul Ball, location: 2F
0-1: Ball
1-1: Swinging Strike
1-2: Ball
2-2: Ball
3-2: Strikes out looking
Batting: RHB Benito Teran 0-0: Fly out, F1 (Line Drive, P, EV 71.2 MPH)
Bottom of the 2nd over - 0 runs, 0 hits, 0 errors, 0 left on base; Akron 2 - Altoona 1
TOP OF THE 3RD
Akron RubberDucks batting - Pitching for Altoona Curve : RHP Russell Stevenson
Batting: RHB Ghandi Lawal 0-0: Called Strike
0-1: Foul Ball, location: 2F
0-2: Ground out 1-3 (Groundball, 34S, EV 73.8 MPH)
Batting: LHB Stuart Strnad 0-0: Foul Ball, location: 2F
0-1: Ball
1-1: Foul Ball, location: 2F
1-2: Foul Ball, location: 2F
1-2: Fly out, F8 (Flyball, 8LXD, EV 91.2 MPH)
Batting: LHB Glenn Christophel 0-0: SINGLE (Line Drive, 3D, EV 100.0 MPH)
Batting: LHB Rick Suhre 0-0: Foul Ball, location: 2F
0-1: Ball
1-1: Swinging Strike
1-2: Foul Ball, location: 2F
1-2: Strikes out looking
Top of the 3rd over - 0 runs, 1 hit, 0 errors, 1 left on base; Akron 2 - Altoona 1
BOTTOM OF THE 3RD
Altoona Curve batting - Pitching for Akron RubberDucks : RHP Shawn Moffitt
Batting: RHB Gael Brown 0-0: Fly out, F9 (Flyball, 89D, EV 98.8 MPH)
Batting: SHB Alfonzo Montes 0-0: Ball
1-0: Ball
2-0: Swinging Strike
2-1: Foul Ball, location: 2F
2-2: Foul Ball, location: 2F
2-2: Ground out 1-3 (Groundball, 25, EV 77.5 MPH)
Batting: LHB Landon Jacobs 0-0: Swinging Strike
0-1: Called Strike
0-2: Strikes out looking
Bottom of the 3rd over - 0 runs, 0 hits, 0 errors, 0 left on base; Akron 2 - Altoona 1
TOP OF THE 4TH
Akron RubberDucks batting - Pitching for Altoona Curve : RHP Russell Stevenson
Batting: RHB T.J. Zanetti 0-0: Reached via error on a dropped throw from 2B, E3 (Groundball, 4MD, EV 101.9 MPH)
Batting: LHB Dylan LaFrance 0-0: Foul Ball, location: 2F
0-1: Called Strike
0-2: Strikes out swinging
Batting: RHB Rueben Brooks 0-0: Ball
1-0: Foul Ball, location: 2F
1-1: Ball
2-1: DOUBLE (Line Drive, 3D, EV 94.4 MPH)
T.J. Zanetti to third
Batting: RHB Roger Lee 0-0: Ball
1-0: Ball
2-0: Ball
3-0: Base on Balls
Batting: RHB Stephen Jaros 0-0: Fly out, F9 (Flyball, 9S, EV 73.1 MPH)
Batting: RHB Ghandi Lawal 0-0: Called Strike
0-1: Ball
1-1: Called Strike
1-2: Ball
2-2: Ball
3-2: Base on Balls
T.J. Zanetti scores
Rueben Brooks to third
Roger Lee to second
Batting: LHB Stuart Strnad 0-0: Ball
1-0: Called Strike
1-1: Swinging Strike
1-2: Foul Ball, location: 2F
1-2: Ball
2-2: Foul Ball, location: 2F
2-2: Ground out 4-3 (Groundball, 4, EV 86.2 MPH)
Top of the 4th over - 1 run, 1 hit, 1 error, 3 left on base; Akron 3 - Altoona 1
BOTTOM OF THE 4TH
Altoona Curve batting - Pitching for Akron RubberDucks : RHP Shawn Moffitt
Batting: RHB Boult Symons 0-0: Ground out 6-3 (Groundball, 6, EV 98.1 MPH)
Batting: RHB Pablo Varela 0-0: Swinging Strike
0-1: Called Strike
0-2: Ball
1-2: Ground out U3 (Groundball, 34, EV 95.6 MPH)
Batting: RHB Burley Hunsaker 0-0: Ground out 5-3 (Groundball, 5, EV 105.6 MPH)
Bottom of the 4th over - 0 runs, 0 hits, 0 errors, 0 left on base; Akron 3 - Altoona 1
TOP OF THE 5TH
Akron RubberDucks batting - Pitching for Altoona Curve : RHP Russell Stevenson
Batting: LHB Glenn Christophel 0-0: Ball
1-0: Called Strike
1-1: Foul Ball, location: 2F
1-2: Foul Ball, location: 2F
1-2: DOUBLE (Line Drive, 3D, EV 100.0 MPH)
Batting: LHB Rick Suhre 0-0: Ball
1-0: DOUBLE (Line Drive, 8RXD, EV 110.6 MPH)
Glenn Christophel scores
Batting: RHB T.J. Zanetti 0-0: Ball
1-0: Called Strike
1-1: Ball
2-1: Reached on error, E5 (Groundball, 56, EV 111.2 MPH)
Rick Suhre to third
Batting: LHB Dylan LaFrance 0-0: Called Strike
0-1: Ball
1-1: Foul Ball, location: 2F
1-2: Foul Ball, location: 2F
1-2: Fielders Choice at 2nd, 4-6 (Groundball, 4MD, EV 85.0 MPH)
Rick Suhre scores
Batting: RHB Rueben Brooks 0-0: Called Strike
0-1: Ground out 3-1 (Groundball, 34S, EV 87.5 MPH)
Dylan LaFrance to second
Pitching: RHP Bibiano Gallardo
Batting: RHB Roger Lee 0-0: Called Strike
0-1: Ball
1-1: Ball
2-1: Ball
3-1: Swinging Strike
3-2: Base on Balls
Batting: RHB Stephen Jaros 0-0: Called Strike
0-1: DOUBLE (Line Drive, 89D, EV 100.0 MPH)
Dylan LaFrance scores
Roger Lee to third
Batting: RHB Ghandi Lawal 0-0: Called Strike
0-1: Fly out, F7 (Line Drive, 7, EV 92.5 MPH)
Top of the 5th over - 3 runs, 3 hits, 1 error, 2 left on base; Akron 6 - Altoona 1
BOTTOM OF THE 5TH
Altoona Curve batting - Pitching for Akron RubberDucks : RHP Shawn Moffitt
Batting: RHB Robb Bradley 0-0: Swinging Strike
0-1: Swinging Strike
0-2: Ball
1-2: Strikes out swinging
Batting: SHB Ryan Weathersbee 0-0: Ball
1-0: Ball
2-0: Fly out, F8 (Flyball, 8RM, EV 78.8 MPH)
Batting: RHB Benito Teran 0-0: Ball
1-0: Ball
2-0: Ball
3-0: Called Strike
3-1: Base on Balls
Batting: RHB Gael Brown 0-0: Fly out, F4 (Popup, 4, EV 73.8 MPH)
Bottom of the 5th over - 0 runs, 0 hits, 0 errors, 1 left on base; Akron 6 - Altoona 1
TOP OF THE 6TH
Akron RubberDucks batting - Pitching for Altoona Curve : RHP Bibiano Gallardo
Batting: LHB Stuart Strnad 0-0: Ball
1-0: SINGLE (Groundball, 6MD, EV 96.2 MPH)
Batting: LHB Glenn Christophel 0-0: Called Strike
0-1: Ball
1-1: Ball
2-1: Foul Ball, location: 2F
2-2: Foul Ball, location: 2F
2-2: 2-RUN HOME RUN (Flyball, 9D, EV 95.6 MPH), Distance : 387 ft
Batting: LHB Rick Suhre 0-0: Called Strike
0-1: Swinging Strike
0-2: Ball
1-2: Strikes out swinging
Batting: RHB T.J. Zanetti 0-0: Swinging Strike
0-1: Ball
1-1: Ball
2-1: Called Strike
2-2: Ball
3-2: Base on Balls
Batting: LHB Dylan LaFrance 0-0: Called Strike
0-1: Ball
1-1: Foul Ball, location: 2F
1-2: Foul Ball, location: 2F
1-2: Ball
2-2: Strikes out looking
Batting: RHB Rueben Brooks 0-0: Ball
1-0: Called Strike
1-1: Ball
2-1: Called Strike
2-2: SINGLE (Groundball, 3, EV 100.0 MPH)
T.J. Zanetti to second
Batting: RHB Roger Lee 0-0: Ball
1-0: Ground out 4-3 (Groundball, 13, EV 81.9 MPH)
Top of the 6th over - 2 runs, 3 hits, 0 errors, 2 left on base; Akron 8 - Altoona 1
BOTTOM OF THE 6TH
Altoona Curve batting - Pitching for Akron RubberDucks : RHP Shawn Moffitt
Batting: SHB Alfonzo Montes 0-0: Called Strike
0-1: Swinging Strike
0-2: Foul Ball, location: 2F
0-2: Ball
1-2: Foul Ball, location: 2F
1-2: Fly out, F5 (Line Drive, 5, EV 70.6 MPH)
Batting: LHB Landon Jacobs 0-0: Called Strike
0-1: Swinging Strike
0-2: Ball
1-2: Foul Ball, location: 2F
1-2: SINGLE (Line Drive, 34D, EV 98.8 MPH)
Batting: RHB Boult Symons 0-0: Swinging Strike
0-1: Swinging Strike
0-2: Ball
1-2: Ball
2-2: Strikes out looking
Batting: RHB Pablo Varela 0-0: Foul Ball, location: 2F
0-1: Ball
1-1: Foul Ball, location: 2F
1-2: Ball
2-2: Foul Ball, location: 2F
2-2: Strikes out swinging
Bottom of the 6th over - 0 runs, 1 hit, 0 errors, 1 left on base; Akron 8 - Altoona 1
TOP OF THE 7TH
Akron RubberDucks batting - Pitching for Altoona Curve : RHP Bibiano Gallardo
Batting: RHB Stephen Jaros 0-0: Foul Ball, location: 2F
0-1: Ball
1-1: Ground out 1-3 (Groundball, 13, EV 62.5 MPH)
Batting: RHB Ghandi Lawal 0-0: Ball
1-0: Ball
2-0: SINGLE (Groundball, 56D, EV 94.4 MPH)
Batting: LHB Stuart Strnad 0-0: Fly out, F6 (Flyball, 56D, EV 77.5 MPH)
Batting: LHB Glenn Christophel 0-0: Called Strike
0-1: SINGLE (Groundball, 56S, EV 70.0 MPH) (infield hit)
Ghandi Lawal to second
Batting: LHB Rick Suhre 0-0: Called Strike
0-1: Fly out, F5 (Line Drive, 5, EV 65.6 MPH)
Top of the 7th over - 0 runs, 2 hits, 0 errors, 2 left on base; Akron 8 - Altoona 1
BOTTOM OF THE 7TH
Altoona Curve batting - Pitching for Akron RubberDucks : RHP Shawn Moffitt
Batting: RHB Burley Hunsaker 0-0: Swinging Strike
0-1: Ball
1-1: Ball
2-1: Ground out 5-3 (Groundball, 5L, EV 104.4 MPH)
Batting: RHB Robb Bradley 0-0: Called Strike
0-1: Ball
1-1: Reached on error, E7 (Line Drive, 7, EV 90.0 MPH)
Batting: SHB Ryan Weathersbee 0-0: Called Strike
0-1: Ball
1-1: Swinging Strike
1-2: Strikes out swinging
Batting: RHB Benito Teran 0-0: Ball
1-0: Ball
2-0: SINGLE (Groundball, 56D, EV 105.6 MPH)
Robb Bradley to second
Pitching: RHP Tony Ojeda
Batting: RHB Gael Brown 0-0: Fielders Choice at 2nd, 5-4 (Groundball, 5L, EV 82.5 MPH)
Bottom of the 7th over - 0 runs, 1 hit, 1 error, 2 left on base; Akron 8 - Altoona 1
TOP OF THE 8TH
Akron RubberDucks batting - Pitching for Altoona Curve : RHP Bibiano Gallardo
Batting: RHB T.J. Zanetti 0-0: Ball
1-0: Foul Ball, location: 2F
1-1: Swinging Strike
1-2: Strikes out swinging
Batting: LHB Dylan LaFrance 0-0: Swinging Strike
0-1: Ball
1-1: Ball
2-1: Ball
3-1: Base on Balls
Pitching: RHP Jacoby Ray
Pinch Hitting: RHB Alex Ortiz 0-0: Called Strike
0-1: Ball
1-1: Grounds into double play, 5-4-3 (Groundball, 56, EV 85.0 MPH)
Top of the 8th over - 0 runs, 0 hits, 0 errors, 0 left on base; Akron 8 - Altoona 1
BOTTOM OF THE 8TH
Altoona Curve batting - Pitching for Akron RubberDucks : RHP Tony Ojeda
Now at SS: Alex Ortiz
Batting: SHB Alfonzo Montes 0-0: Called Strike
0-1: Ball
1-1: Called Strike
1-2: Ball
2-2: Ground out U3 (Groundball, 23, EV 84.4 MPH)
Batting: LHB Landon Jacobs 0-0: Fly out, F8 (Flyball, 8RD, EV 83.8 MPH)
Batting: RHB Boult Symons 0-0: Called Strike
0-1: Foul Ball, location: 2F
0-2: Ball
1-2: Ground out 6-3 (Groundball, 6, EV 82.5 MPH)
Bottom of the 8th over - 0 runs, 0 hits, 0 errors, 0 left on base; Akron 8 - Altoona 1
TOP OF THE 9TH
Akron RubberDucks batting - Pitching for Altoona Curve : RHP Jacoby Ray
Batting: RHB Roger Lee 0-0: Ball
1-0: Called Strike
1-1: Ground out 6-3 (Groundball, 6, EV 85.0 MPH)
Batting: RHB Stephen Jaros 0-0: SINGLE (Line Drive, 5D, EV 96.9 MPH)
Batting: RHB Ghandi Lawal 0-0: Called Strike
0-1: Ball
1-1: Foul Ball, location: 2F
1-2: Ball
2-2: Strikes out swinging
Batting: LHB Stuart Strnad 0-0: Ball
1-0: Ground out 4-3 (Groundball, 4, EV 80.0 MPH)
Top of the 9th over - 0 runs, 1 hit, 0 errors, 1 left on base; Akron 8 - Altoona 1
BOTTOM OF THE 9TH
Altoona Curve batting - Pitching for Akron RubberDucks : RHP Tony Ojeda
Batting: RHB Pablo Varela 0-0: Called Strike
0-1: SINGLE (Flyball, 9LS, EV 93.1 MPH)
Batting: RHB Burley Hunsaker 0-0: Ball
1-0: Swinging Strike
1-1: Ball
2-1: DOUBLE (Line Drive, 89M, EV 100.0 MPH)
Pablo Varela to third
Batting: LHB Trent Mellen 0-0: Ball
1-0: Ball
2-0: Ball
3-0: Called Strike
3-1: Base on Balls
Batting: SHB Ryan Weathersbee 0-0: Ball
1-0: Ball
2-0: Ball
3-0: Called Strike
3-1: Foul Ball, location: 2F
3-2: Foul Ball, location: 2F
3-2: DOUBLE (Flyball, 89D, EV 98.1 MPH)
Pablo Varela scores
Burley Hunsaker scores
Trent Mellen to third
Pinch Hitting: LHB Jesse Meschi 0-0: Fly out, F8 (Flyball, 78M, EV 72.5 MPH)
Batting: RHB Gael Brown 0-0: Ball
1-0: Called Strike
1-1: Ball
2-1: Fly out, F8 (Flyball, 8RM, EV 92.5 MPH)
Batting: SHB Alfonzo Montes 0-0: Swinging Strike
0-1: Ground out 4-3 (Groundball, 4M, EV 103.1 MPH)
Bottom of the 9th over - 2 runs, 3 hits, 0 errors, 2 left on base; Akron 8 - Altoona 3
Monday, May 6th , 2024 - OOTP Baseball 24.11 Build 85